 Dungeon Crawl Stone Soup version 0.21-a0-621-gc60411f (webtiles) character file.

559 Amnesiac the Insei (level 7, 0/46 HPs)
             Began as an Octopode Transmuter on Dec 23, 2017.
             Slain by an orc wizard
             ... wielding a +0 dagger
              (2 damage)
             ... on level 5 of the Dungeon.
             The game lasted 00:07:46 (4719 turns).

Amnesiac the Insei (Octopode Transmuter)            Turns: 4719, Time: 00:07:47

Health: 0/46       AC:  1    Str:  9    XL:     7   Next: 31%
Magic:  0/11       EV: 14    Int: 20    God:
Gold:   292        SH:  0    Dex: 15    Spells: 2/12 levels left

rFire    . . .     SeeInvis .   m - +1 whip (venom)
rCold    . . .     Gourm    .   (no shield)
rNeg     . . .     Faith    .   (helmet restricted)
rPois    .         Spirit   +   i - amulet of guardian spirit
rElec    .         Reflect  .   g - ring of stealth
rCorr    .         Harm     .   (no ring)
MR       .....                  (no ring)
Stlth    +++.......             (no ring)
HPRegen  0.15/turn              (no ring)
MPRegen  0.12/turn              (no ring)
                                (no ring)
                                (no ring)

@: brilliant
A: almost no armour, stealthy swim, amphibious, 8 rings, constrict 8, camouflage
1, gelatinous body 1
a: no special abilities


You were on level 5 of the Dungeon.
You were not hungry.

You visited 1 branch of the dungeon, and saw 5 of its levels.

You collected 292 gold pieces.

Inventory:

Hand Weapons
 m - a +1 whip of venom (weapon)
Missiles
 a - 31 arrows
 j - 18 poisoned needles
 n - 75 stones (quivered)
Jewellery
 g - a ring of stealth (left tentacle)
 i - an amulet of guardian spirit (around mantle)
Wands
 d - a wand of iceblast (8)
 e - a wand of acid (5)
Scrolls
 f - 2 scrolls of magic mapping {!r}
 k - a scroll of identify {!r}
 l - a scroll of immolation {!r}
 p - 2 scrolls of remove curse {!r}
 s - a scroll of teleportation {!r}
 t - a scroll of enchant armour {!r, unknown}
Potions
 h - 2 potions of agility {!q}
 o - a potion of flight {!q}
Books
 b - a book of Changes

   Spells                             Type                      Level
   a - Beastly Appendage              Transmutation                1
   b - Sticks to Snakes               Transmutation                2
   c - Spider Form                    Transmutation/Poison         3
   d - Ice Form                       Ice/Transmutation            4
   e - Blade Hands                    Transmutation                5
Comestibles
 c - 8 rations
 q - a chunk of flesh


   Skills:
 + Level 3.2 Fighting
 + Level 3.2 Dodging
 * Level 4.8 Unarmed Combat
 + Level 3.0 Spellcasting
 * Level 4.7 Transmutations


You had 2 spell levels left.
You knew the following spells:

 Your Spells              Type           Power        Failure   Level  Hunger
a - Beastly Appendage     Tmut           ####..       1%          1    None
b - Sticks to Snakes      Tmut           ####....     1%          2    ##.....
c - Ice Form              Ice/Tmut       ###.....     6%          4    ####...
e - Spider Form           Tmut/Pois      ###.......   1%          3    ###....


Dungeon Overview and Level Annotations

Branches:
Dungeon (5/15)
 Temple: D:4-7

Altars:


Innate Abilities, Weirdness & Mutations

You cannot wear most types of armour.
You are very stealthy in the water. (Stealth+)
You are amphibious.
You can wear up to eight rings at the same time.
You can use your tentacles to constrict eight enemies at once.
Your skin changes colour to match your surroundings (Stealth+).
Your rubbery body absorbs attacks. (AC +1, EV +1)


Message History

n - 75 stones (gained 1) Done exploring.
No target in view!
Done exploring.
No target in view!
Done exploring.
No target in view!
Done exploring.
No target in view!
There is a stone staircase leading down here.
You climb downwards. 3 orcs and 2 orc wizards come into view.
An orc is wielding a whip of flaming.
An orc is wielding a mace of crushing.
There is a stone staircase leading up here.
The helpless orc wizard fails to defend itself.
You hit the orc wizard.
The orc wizard is poisoned.
The orc wizard is moderately wounded.
The orc shouts! x2; The orc wizard shouts!
You hear a shout!
The orc shouts!
The orc hits you with a whip of flaming!
The orc burns you. The orc wizard misses you. The orc misses you.
You barely miss the orc wizard.
The orc wizard is heavily wounded.
The orc hits you with a falchion.
You closely miss the orc. You grab the orc. You constrict the orc.
The orc hits you with a whip of flaming.
The orc burns you. The orc misses you.
You hit the orc.
The orc is poisoned.
The orc is heavily wounded.
You constrict the orc.
You kill the orc!
The orc hits you with a falchion.
You barely miss the orc wizard. You squeeze the orc wizard.
The orc wizard is moderately wounded.
You kill the orc wizard!
Your Spellcasting skill increases to level 3!
The orc wizard hits you with a dagger. The orc hits you with a falchion.
You barely miss the orc wizard.
The orc wizard is moderately wounded.
The orc wizard hits you with a dagger. The orc misses you.
You barely miss the orc. You grab the orc. You constrict the orc.
The orc barely misses you. The orc wizard hits you with a dagger.
* * * LOW HITPOINT WARNING * * *
The orc barely misses you.
You hit the orc.
The orc is heavily wounded.
You constrict the orc. The orc wizard hits you with a dagger.
* * * LOW HITPOINT WARNING * * *
The orc closely misses you. The orc hits you with a falchion!
* * * LOW HITPOINT WARNING * * *
You hit the orc.
The orc is heavily wounded.
You constrict the orc.
The orc wizard points at you and mumbles some strange words.
The puff of flame hits you!
* * * LOW HITPOINT WARNING * * *
The orc misses you. The orc hits you with a falchion.
* * * LOW HITPOINT WARNING * * *
Really quaff
r - a blue potion {!q}?
It was a potion of brilliance {!q}.
You feel clever all of a sudden.
You constrict the orc.
You kill the orc!
The orc wizard hits you with a dagger.
You die...

### #.. #..
#.## # #..
#.#o######.
#.o@)).....
###########


You could see an orc wizard and an orc.

Vanquished Creatures
  The ghost of imbaray the Ruffian, an amateur VSMo (D:3)
  A scorpion (D:4)
  A crimson imp (D:2)
  An orc priest (D:4)
  A hound (D:4)
  3 orc wizards
  An iguana (D:4)
  Ijyb (D:4)
  A worker ant (D:4)
  An adder (D:3)
  4 gnolls (D:3)
  2 oozes
  A worm (D:2)
  4 dart slugs
  4 leopard geckos
  9 orcs
  5 giant cockroaches
  6 goblins
  5 hobgoblins
  3 jackals
  A quokka (D:3)
  2 ball pythons (D:2)
  5 bats
  4 frilled lizards
  10 kobolds
  8 rats
85 creatures vanquished.

Notes
Turn   | Place    | Note
-------+----------+-------------------------------------------
     0 | D:1      | Amnesiac the Octopode Transmuter began the quest for the Orb.
     0 | D:1      | Reached XP level 1. HP: 13/13 MP: 3/3
   161 | D:1      | Reached XP level 2. HP: 10/18 MP: 5/5
   165 | D:1      | Learned a level 2 spell: Sticks to Snakes
  1075 | D:2      | Reached XP level 3. HP: 24/24 MP: 4/6
  1080 | D:2      | Learned a level 3 spell: Spider Form
  1996 | D:2      | Reached XP level 4. HP: 27/29 MP: 5/7
  2360 | D:3      | Noticed imbaray's ghost (amateur VSMo)
  2793 | D:3      | Reached XP level 5. HP: 17/34 MP: 3/8
  3765 | D:3      | Reached XP level 6. HP: 41/41 MP: 9/9
  3771 | D:3      | Learned a level 4 spell: Ice Form
  3839 | D:3      | Killed imbaray's ghost
  4006 | D:3      | HP: 2/42 [poisoned by an orc]
  4184 | D:4      | Noticed Ijyb
  4227 | D:4      | Killed Ijyb
  4228 | D:4      | Reached XP level 7. HP: 18/46 MP: 1/11
  4709 | D:5      | Entered Level 5 of the Dungeon
  4718 | D:5      | HP: 2/46 [orc/falchion (4)]
  4719 | D:5      | Slain by an orc wizard

Vault maps used:
D:1:      minmay_arrival_semitransparent
D:3:      first_ration, minmay_quantized
D:4:      uniq_ijyb
D:5:      grunt_temple_overflow_gold_and_silver, serial_glass, glass_columns_c,
          glass_columns_a, grunt_tough_drop

Skill      XL: |  1  2  3  4  5  6  7 |
---------------+----------------------+-----
Fighting       | 2 3 |  3.2
Transmutations | 3 4 |  4.7
Unarmed Combat | 4 |  4.8
Dodging        | 3 |  3.2
Spellcasting   | 3 |  3.0

Action                   |  1- 3 |  4- 6 |  7- 9 || total
-------------------------+-------+-------+-------++-------
Melee: Unarmed           |   112 |   118 |       ||   230
       Tentacles         |    12 |    11 |     6 ||    29
       Constrict         |    25 |    25 |     7 ||    57
       Whip              |       |     3 |    22 ||    25
Throw: Stone             |    28 |    11 |    13 ||    52
 Cast: Sticks to Snakes  |       |     3 |       ||     3
       Spider Form       |       |     8 |       ||     8
Evoke: Wand              |       |     2 |       ||     2
  Use: Scroll            |       |    11 |       ||    11
       Potion            |       |     5 |     1 ||     6
 Stab: Sleeping          |     2 |     7 |     1 ||    10
  Eat: Chunk             |     3 |     5 |     2 ||    10
       Ration            |       |     1 |       ||     1
Armor: Skin              |     8 |     2 |       ||    10
Dodge: Dodged            |    59 |    86 |    12 ||   157

Table legend:
 A = Spawn XP
 B = Non-spawn XP
 C = Spawn XP percentage of total XP
 D = Spawn monster count
 E = Non-spawn monster count
 F = Spawn count percentage of total count
 G = Total turns spent on level
                    A         B        C        D         E        F      G
               +---------+---------+-------+---------+---------+-------+---------
         Total |       0 |     799 |   0.0 |       0 |      85 |   0.0 |  4719
               +---------+---------+-------+---------+---------+-------+---------
           D:1 |       0 |      33 |   0.0 |       0 |      15 |   0.0 |  1151
           D:2 |       0 |      98 |   0.0 |       0 |      27 |   0.0 |  1377
           D:3 |       0 |     269 |   0.0 |       0 |      28 |   0.0 |  1493
           D:4 |       0 |     353 |   0.0 |       0 |      12 |   0.0 |   688
           D:5 |       0 |      46 |   0.0 |       0 |       3 |   0.0 |    10
               +---------+---------+-------+---------+---------+-------+---------
